 Dungeon Crawl Stone Soup version 0.30.0-11-gf55b779eaf (webtiles) character file.

Game seed: 5162191258116193089

191 Esekla the Grave Robber (level 5, -1/34 HPs)
             Began as an Octopode Necromancer on May 17, 2023.
             Slain by an ogre
             ... wielding a +0 giant spiked club
              (14 damage)
             ... on level 4 of the Dungeon.
             The game lasted 00:10:15 (2804 turns).

Esekla the Grave Robber (Octopode Necromancer)      Turns: 2804, Time: 00:10:15

Health: -1/34      AC:  1    Str:  8    XL:     5   Next: 70%
Magic:  0/9        EV: 13    Int: 19    God:
Gold:   82         SH:  0    Dex: 12    Spells: 5/9 levels left

rFire   . . .        a - +0 falchion
rCold   . . .        (no shield)
rNeg    . . .        (helmet restricted)
rPois   .            (no amulet)
rElec   .            (no ring)
rCorr   .            (no ring)
SInv    .            (no ring)
Will    .....        (no ring)
Stlth   +++          (no ring)
HPRegen 0.25/turn    (no ring)
MPRegen 0.11/turn    (no ring)
                     (no ring)

%: no passive effects
@: very slightly contaminated
A: almost no armour, amphibious, 8 rings, camouflage 1, gelatinous body 1,
(nimble swimmer 1), tentacles
a: no special abilities


You were on level 4 of the Dungeon.
You visited 1 branch of the dungeon, and saw 4 of its levels.

You collected 82 gold pieces.

Inventory:

Hand Weapons
 a - a +0 falchion (weapon)
 r - a +1 spear of flaming
 s - a +0 dagger
Missiles
 k - 4 boomerangs (quivered)
Scrolls
 c - a scroll of enchant armour {unknown}
 e - a scroll of brand weapon {unknown}
 f - a scroll of identify {unknown}
 h - 2 scrolls of blinking {unknown}
 i - a scroll of enchant weapon {unknown}
 j - a scroll of summoning {unknown}
 n - a scroll of teleportation {unknown}
 o - 2 scrolls of fear {unknown}
 w - a scroll of noise {unknown}
Potions
 b - 2 potions of attraction {unknown}
 d - 4 potions of curing {unknown}
 g - a potion of ambrosia {unknown}
 l - 2 potions of mutation {unknown}
 m - 2 potions of heal wounds {unknown}
 p - 2 potions of resistance {unknown}
 q - a potion of haste {unknown}
 t - a potion of magic
 u - a potion of cancellation {unknown}
 v - a potion of degeneration {unknown}
 x - a potion of might {unknown}


   Skills:
 * Level 1.6 Fighting
 + Level 0.8(1.0) Short Blades
 * Level 0.8(1.0) Long Blades
 * Level 3.0 Dodging
 + Level 3.9 Stealth
 * Level 2.9 Spellcasting
 * Level 4.7 Necromancy


You had 5 spell levels left.
You knew the following spells:

 Your Spells              Type           Power      Damage    Failure   Level
a - Necrotise             Necr           80%        1d8       2%          1
d - Vampiric Draining     Necr           20%        2d7       6%          3

Your spell library contained the following spells:

 Spells                   Type           Power      Damage    Failure   Level
 Animate Dead             Necr           20%        N/A       22%         4
 Agony                    Necr           20%        N/A       52%         5


Dungeon Overview and Level Annotations

Branches:
Dungeon (4/15)
 Temple: D:4-7

Altars:
Qazlal
Yredelemnul

Annotations:
D:3 3 runed translucent doors, GigaChad's ghost, amateur AtFi


Innate Abilities, Weirdness & Mutations

You cannot wear most types of armour.
You are amphibious.
You can wear up to eight rings at the same time.
Your skin changes colour to match your surroundings (Stealth+).
Your rubbery body absorbs attacks. (AC +1, EV +1)
((You are camouflaged when in or above water. (Stealth+)))
You have tentacles for arms and can constrict up to eight enemies at once.


Message History

a +0 dagger; a +0 robe; an orc corpse
Things that are here:
a +0 dagger; a +0 robe
a - a +0 falchion (weapon)
You start resting.
HP restored.
You start resting.
Magic restored.
Found 11 gold pieces.
An ogre comes into view. It is wielding a +0 giant spiked club.
The ogre shouts!
You see here 11 gold pieces.
You hit the ogre.
The ogre is lightly wounded.
The ogre hits you with a +0 giant spiked club!!
Ouch! That really hurt!
* * * LOW HITPOINT WARNING * * *
Casting: Vampiric Draining (dangerous; 6% risk of failure)
Confirm with . or Enter, or press ? or * to list all spells.
Aiming: Vampiric Draining (dangerous; 6% risk of failure)
Press: ? - help, Shift-Dir - straight line, f - ogre
Aim: an ogre, wielding a +0 giant spiked club (lightly wounded)
You draw life force from the ogre!
You feel life coursing into your body.
Casting: Vampiric Draining (dangerous; 6% risk of failure)
Confirm with . or Enter, or press ? or * to list all spells.
Aiming: Vampiric Draining (dangerous; 6% risk of failure)
Press: ? - help, Shift-Dir - straight line, f/p - ogre
Aim: an ogre, wielding a +0 giant spiked club (moderately wounded)
You draw life force from the ogre!
You feel life coursing into your body. The ogre barely misses you.
Casting: Vampiric Draining (dangerous; 6% risk of failure)
Confirm with . or Enter, or press ? or * to list all spells.
Aiming: Vampiric Draining (dangerous; 6% risk of failure)
Press: ? - help, Shift-Dir - straight line, f/p - ogre
Aim: an ogre, wielding a +0 giant spiked club (heavily wounded)
You miscast Vampiric Draining.
You are very lightly contaminated with residual magic.
Nothing appears to happen.
The ogre hits you with a +0 giant spiked club!
You die...

### ... #.. #.#
#.#####.#####.#
#.......O.....#
#@######
#.##<..#
#......#
####...# ##)##
#.######.#
#.....))#
#.########


You could see an ogre.

Vanquished Creatures
  Jessica (D:3)
  2 orc wizards (D:4)
  4 adders
  5 worms (D:2)
  2 dart slugs (D:1)
  An orc (D:4)
  3 ball pythons
  4 endoplasms
  2 giant cockroaches
  8 goblins
  6 hobgoblins
  4 jackals (D:1)
  3 kobolds
  4 quokkas
  4 bats
  3 frilled lizards (D:1)
  4 rats
60 creatures vanquished.

Notes
Turn   | Place    | Note
-------+----------+-------------------------------------------
     0 | D:1      | Esekla the Octopode Necromancer began the quest for the
                  | Orb.
     0 | D:1      | Reached XP level 1. HP: 11/11 MP: 3/3
   375 | D:1      | Reached XP level 2. HP: 17/17 MP: 5/5
   704 | D:1      | Reached XP level 3. HP: 22/22 MP: 6/6
   708 | D:1      | Learned a level 3 spell: Vampiric Draining
  1374 | D:2      | Reached XP level 4. HP: 27/27 MP: 7/7
  1446 | D:2      | Reached skill level 1 in Fighting
  1742 | D:2      | You fall into a shaft and drop 1 floor!
  1916 | D:3      | Noticed GigaChad's ghost (amateur AtFi)
  1916 | D:3      | Found a runed translucent gate.
  1916 | D:3      | Found a runed translucent gate.
  1916 | D:3      | Found a runed translucent gate.
  1924 | D:3      | Noticed Jessica
  1949 | D:3      | Killed Jessica
  1950 | D:3      | Reached XP level 5. HP: 33/33 MP: 9/9
  2001 | D:3      | Found a basalt altar of Yredelemnul.
  2297 | D:3      | Found a stormy altar of Qazlal.
  2655 | D:2      | Found a faded altar of an unknown god.
  2800 | D:4      | Noticed an ogre
  2804 | D:4      | Slain by an ogre

Illustrated notes

Levels and vault maps discovered:
D:1:      psy_arrival_basics, layout_basic, minmay_pentomino_o2
D:2:      layout_rooms, shapermc_ecumenical_altar_pompeii,
          nicolae_underground_beach
D:3:      layout_loops_ring, nicolae_qazlal_scattered_showers,
          mainiacjoe_overflow_catwalk, ebering_ghost_rock_garden, uniq_jessica
D:4:      minmay_octagon_keep, layout_loops_ring, guppyfry_early_lair_pool

Skill      XL: |  1  2  3  4  5 |
---------------+----------------+-----
Stealth        | 3 |  3.9
Fighting       | 1 |  1.6
Dodging        | 3 |  3.0
Short Blades   | |  0.8
Long Blades    | |  0.8
Spellcasting   | |  2.9
Necromancy     | |  4.7

Action                     |  1- 3 |  4- 6 || total
---------------------------+-------+-------++-------
  Melee: Dagger            |    71 |    59 ||   130
         Constrict         |    18 |    20 ||    38
         Tentacles         |    12 |    15 ||    27
         Unarmed           |     1 |       ||     1
         Punch             |     3 |     1 ||     4
         Falchion          |       |    11 ||    11
   Cast: Vampiric Draining |     3 |     7 ||    10
   Stab: Sleeping          |    12 |    10 ||    22
 Armour: Skin              |     7 |     3 ||    10
  Dodge: Dodged            |    33 |    32 ||    65
